 Dungeon Crawl Stone Soup version 0.28.0-53-g5a82cb258f (webtiles) character file.

Game seed: 1713990148173183654

65 Gabide the Ducker (level 4, -9/37 HPs)
             Began as a Human Monk on May 30, 2022.
             Mangled by an ogre
             ... wielding a +0 giant club
              (15 damage)
             ... on level 3 of the Dungeon.
             The game lasted 00:04:04 (2790 turns).

Gabide the Ducker (Human Monk)                      Turns: 2790, Time: 00:04:05

Health: -9/37      AC:  3    Str: 12    XL:     4   Next: 34%
Magic:  4/4        EV: 13    Int: 10    God:
Gold:   157        SH:  0    Dex: 17    Spells: 3/3 levels left

rFire   . . .      SeeInvis .   a - +0 spear
rCold   . . .      Faith    .   (no shield)
rNeg    . . .      Spirit   .   b - +0 robe
rPois   .          Reflect  .   (no helmet)
rElec   .          Harm     .   (no cloak)
rCorr   .          Rampage  .   h - +0 pair of gloves
Will    .....                   (no boots)
Stlth   ++........              (no amulet)
HPRegen 0.12/turn               (no ring)
MPRegen 0.09/turn               (no ring)

@: no status effects
A: no striking features
a: no special abilities


You were on level 3 of the Dungeon.
You visited 1 branch of the dungeon, and saw 3 of its levels.

You collected 157 gold pieces.

Inventory:

Hand Weapons
 a - a +0 spear (weapon)
Armour
 b - a +0 robe (worn)
 h - a +0 pair of gloves (worn)
Scrolls
 d - a scroll of immolation {unknown}
 e - a scroll of vulnerability
 f - a scroll of noise
 i - a scroll of amnesia {unknown}
 j - a scroll of torment {unknown}
 k - a scroll of enchant weapon {unknown}
 n - a scroll of teleportation {unknown}
Potions
 c - 4 potions of curing
 l - a potion of lignification
 m - a potion of ambrosia {unknown}
 o - a potion of mutation {unknown}


   Skills:
 + Level 3.6 Fighting
 + Level 3.7 Polearms
 + Level 3.7 Dodging
 - Level 2.0 Stealth


You had 3 spell levels left.
You didn't know any spells.
Your spell library contained the following spells:

 Spells                   Type           Power      Damage    Failure   Level
 Gell's Gravitas          Tloc           0%         N/A       75%         3
 Lesser Beckoning         Tloc           0%         N/A       75%         3
 Teleport Other           Tloc           0%         N/A       75%         3


Dungeon Overview and Level Annotations

Branches:
Dungeon (3/15)

Altars:
Nemelex Xobeh


Message History

You are too injured to fight recklessly!
You are too injured to fight recklessly!
You are too injured to fight recklessly!
You are too injured to fight recklessly!
You are too injured to fight recklessly!
You are too injured to fight recklessly!
You are too injured to fight recklessly!
You are too injured to fight recklessly!
You are too injured to fight recklessly!
You are too injured to fight recklessly!
You are too injured to fight recklessly!
You are too injured to fight recklessly!
You are too injured to fight recklessly!
You are too injured to fight recklessly!
You are too injured to fight recklessly!
You are too injured to fight recklessly!
You are too injured to fight recklessly!
You are too injured to fight recklessly!
You are too injured to fight recklessly!
You are too injured to fight recklessly!
You are too injured to fight recklessly!
You are too injured to fight recklessly!
You are too injured to fight recklessly!
You are too injured to fight recklessly!
You aren't carrying any items that you can evoke.
Unknown command.
Okay, then.
Unknown command.
Unknown command.
Press: ? - help, v - describe, . - travel
Here: an ogre, wielding a +0 giant club (heavily wounded)
The floor.
Unknown command.
Unknown command.
Unknown command.
Unknown command.
You hit the ogre.
The ogre is severely wounded.
The ogre hits you with a +0 giant club!
You die...

#... #.# #..# #.# #..#
#.# #..# ####### #.#
#..###### #.....# #.#
#.......# #.###.# #.#
##..#.##.# #.###.###.#
##.....##.####.#.O.....#
.....#..........@#.#####
.###.#.......#..<..# .#
#.#.##.#...###### .#
#......#...#
.....######...# ##.###
#...# ..# #...# . #...#
# .....


You could see an ogre.

Vanquished Creatures
  An adder (D:2)
  A worm (D:3)
  2 dart slugs
  5 bats (D:2)
  3 endoplasms
  4 giant cockroaches
  3 goblins
  5 hobgoblins
  6 jackals (D:2)
  A quokka (D:2)
  3 ball pythons
  3 frilled lizards
  4 kobolds
  3 rats
44 creatures vanquished.

Vanquished Creatures (others)
  6 plants
  5 withered plants (D:2)
11 creatures vanquished.

Grand Total: 55 creatures vanquished

Notes
Turn   | Place    | Note
-------+----------+-------------------------------------------
     0 | D:1      | Gabide the Human Monk began the quest for the Orb.
     0 | D:1      | Reached XP level 1. HP: 18/18 MP: 1/1
   281 | D:1      | Reached XP level 2. HP: 24/24 MP: 2/2
  1224 | D:2      | Reached XP level 3. HP: 29/29 MP: 3/3
  1733 | D:2      | Reached XP level 4. HP: 19/35 MP: 4/4
  2031 | D:2      | Found a faded altar of an unknown god.
  2423 | D:2      | Found a sparkling altar of Nemelex Xobeh.
  2753 | D:3      | Noticed an ogre
  2790 | D:3      | Mangled by an ogre

Illustrated notes

Levels and vault maps discovered:
D:1:      roderic_crop_circles_arrival_small, layout_loops_corners
D:2:      layout_loops_ring, shapermc_ecumenical_altar_flowoftime, basic_altar,
          minmay_fractal_squares_gapless_5
D:3:      layout_loops_cross, mainiacjoe_overflow_alcove_1,
          wander_ebering_terrifying_dragon_lair

Action                   |  1- 3 |  4- 6 || total
-------------------------+-------+-------++-------
Melee: Spear             |   137 |    63 ||   200
       Punch             |     1 |     2 ||     3
Throw: Dart              |       |     3 ||     3
  Use: Scroll            |       |     4 ||     4
 Stab: Sleeping          |     5 |     3 ||     8
Armor: Robe              |    17 |    13 ||    30
Dodge: Dodged            |    82 |    32 ||   114
